 Dungeon Crawl Stone Soup version 0.28-a0-751-gef3a642a4e (webtiles) character file.

Game seed: 13421556014643054794

3426 Armakuni the Destroyer (level 10, 0/55 (63) HPs)
             Began as a Human Conjurer on Oct 24, 2021.
             Was a Believer of Vehumet.
             Slain by a wight (1 damage)
             ... on level 7 of the Dungeon on Oct 30, 2021.
             The game lasted 00:19:00 (8976 turns).

Armakuni the Destroyer (Human Conjurer)             Turns: 8976, Time: 00:19:01

HP:   0/55 (63)     AC:  5    Str: 10    XL:     10   Next: 25%
MP:   2/23          EV: 11    Int: 19    God:    Vehumet [**....]
Gold: 424           SH:  0    Dex: 12    Spells: 22/28 levels left

rFire   . . .      SeeInvis .   a - +1 dagger (venom)
rCold   . . .      Faith    .   (no shield)
rNeg    + . .      Spirit   .   m - +0 leather armour
rPois   .          Reflect  .   r - +0 helmet
rElec   .          Harm     .   t - +0 cloak
rCorr   +          Rampage  .   (no gloves)
Will    .....                   (no boots)
Stlth   ++........              R - amulet of regeneration
HPRegen 1.18/turn               K - ring of resist corrosion
MPRegen 0.18/turn               N - ring of positive energy

@: heavily drained
A: no striking features
a: Renounce Religion


You were on level 7 of the Dungeon.
You worshipped Vehumet.
Vehumet was pleased with you.
You visited 2 branches of the dungeon, and saw 8 of its levels.

You collected 424 gold pieces.

Inventory:

Hand Weapons
 a - a +1 dagger of venom (weapon)
Missiles
 w - 5 curare-tipped darts
Armour
 e - a +0 ring mail
 m - a +0 leather armour (worn)
 r - a +0 helmet (worn)
 t - a +0 cloak (worn)
Magical Staves
 b - a staff of air
Jewellery
 I - the ring of Mosuycush {rF- Dex+7 SInv}
   (You found it on level 6 of the Dungeon)

   [ring of see invisible]

   Dex:       It affects your dexterity (+7).
   rF:        It makes you vulnerable to fire.
   SInv:      It lets you see invisible.
 K - a ring of resist corrosion (left hand)
 N - a ring of positive energy (right hand)
 R - an amulet of regeneration (around neck)
Wands
 f - a wand of flame (7)
 x - a wand of mindburst (8)
Scrolls
 h - a scroll of immolation
 l - 2 scrolls of fog
 n - a scroll of amnesia
 o - 2 scrolls of teleportation
 p - a scroll of fear
 u - 2 scrolls of blinking
 z - a scroll of magic mapping
 A - a scroll of identify
Potions
 c - a potion of invisibility
 d - 2 potions of brilliance
 g - 2 potions of might {unknown}
 i - a potion of experience {unknown}
 j - a potion of heal wounds {unknown}
 k - 3 potions of lignification
 q - a potion of cancellation {unknown}
 s - 2 potions of curing {unknown}
 v - a potion of haste {unknown}
 y - a potion of resistance


   Skills:
 - Level 2.0 Dodging
 - Level 2.0 Stealth
 + Level 9.5 Spellcasting
 - Level 10.0 Conjurations
 - Level 3.0 Translocations


You had 22 spell levels left.
You knew the following spells:

 Your Spells              Type           Power      Damage    Failure   Level
m - Iskenderun's Mystic   Conj/Tloc      33%        2d8       8%          4
z - Searing Ray           Conj           94%        2d7       1%          2

Your spell library contained the following spells:

 Spells                   Type           Power      Damage    Failure   Level
 Static Discharge         Conj/Air       28%        N/A       1%          2
 Magic Dart               Conj           100%       1d8       1%          1
 Shock                    Conj/Air       100%       1d9       1%          1
 Blink                    Tloc           40%        N/A       4%          2
 Dazzling Flash           Conj/Hex       56%        N/A       4%          3
 Animate Skeleton         Necr           18%        N/A       11%         1
 Pain                     Necr           36%        1d5       11%         1
 Slow                     Hex            36%        N/A       11%         1
 Fulminant Prism          Conj/Hex       14%        3d9       14%         4
 Confusing Touch          Hex            9%         N/A       32%         3
 Swiftness                Air            9%         N/A       32%         3
 Vampiric Draining        Necr           4%         2d6       32%         3
 Manifold Assault         Tloc           20%        N/A       65%         5
 Airstrike                Air            4%         N/A       71%         4
 Storm Form               Tmut/Air       4%         N/A       100%        7


Dungeon Overview and Level Annotations

Branches:
Dungeon (7/15)             Temple (1/1) D:7

Altars:
Ashenzari
Cheibriados
Elyvilon
Gozag
Hepliaklqana
Kikubaaqudgha
Nemelex Xobeh
Okawaru
Qazlal
Ru
Sif Muna
Trog
Vehumet
Yredelemnul
Zin

Shops:
D:1 *   D:4 =   D:6 *


Message History

Press: ? - help, Shift-Dir - straight line, f/p - wight
Aim: a wight, wielding a +0 morningstar and wearing a +0 robe (almost destroyed, 68% to hit)
The puff of flame hits the wight but does no damage.
The wight is almost destroyed.
The wight hits you from afar with a +5 spear!
You partially resist.
You feel drained.
You closely miss the wight.
The wight is almost destroyed.
The wight hits you from afar with a +5 spear.
You partially resist.
You feel drained. The wight closely misses you.
You hit the wight but do no damage.
The wight is almost destroyed.
The wight hits you from afar with a +5 spear!
The wight hits you with a +0 morningstar.
Aiming: Throw Flame
Press: ? - help, Shift-Dir - straight line, f/p - wight
Aim: a wight, wielding a +0 morningstar and wearing a +0 robe (almost destroyed, 68% to hit)
The puff of flame misses the wight.
The wight barely misses you.
The wight hits you with a +0 morningstar!
Aiming: Throw Flame
Press: ? - help, Shift-Dir - straight line, f/p - wight
Aim: a wight, wielding a +0 morningstar and wearing a +0 robe (almost destroyed, 68% to hit)
The puff of flame hits the wight but does no damage.
The wight is almost destroyed.
The wight hits you from afar with a +5 spear!
* * * LOW HITPOINT WARNING * * *
You partially resist.
You feel drained.
The wight hits you with a +0 morningstar!
* * * LOW HITPOINT WARNING * * *
You partially resist.
You feel drained.
* * * LOW HITPOINT WARNING * * *
Aiming: Throw Flame
Press: ? - help, Shift-Dir - straight line, f/p - wight
Aim: a wight, wielding a +0 morningstar and wearing a +0 robe (almost destroyed, 68% to hit)
The puff of flame hits the wight but does no damage.
The wight is almost destroyed.
The wight hits you from afar with a +5 spear.
* * * LOW HITPOINT WARNING * * *
You partially resist.
You feel drained.
You die...

#. #######...[.....
.##..........####### #### ####
..# #####...####### ..... <.#
#.# #........##
=....###.###.#######...###....
. .z......##..................
... ...#..##......)...........
.....#.#..##...).((...........
......).)..z.@..####...##....#
.....####....z..# #..........:
### ####..♣.♣..# #.....#.##..
.......>...# #.....#.####
#####.♣.♣.## ##...##...>.
..........### #(....###
########.###.##...#...# ...
#.##..#.#.## .###. #....#....#


You could see 2 wights.

Vanquished Creatures
  A two-headed ogre (D:6)
  Eustachio (D:6)
  A vampire mosquito (D:6)
  3 water moccasins (D:6)
  An orc warrior (D:7)
  An ice beast (D:7)
  2 ogres
  A centaur (D:6)
  4 phantoms
  4 kobold brigands
  2 scorpions (D:6)
  A water moccasin zombie (D:6)
  A wyvern skeleton (D:7)
  3 wights (D:7)
  A howler monkey (D:6)
  A centaur zombie (D:6)
  A bullfrog zombie (D:5)
  An orc priest (D:7)
  A bullfrog skeleton (D:4)
  3 hounds
  2 jellies
  A scorpion zombie (D:5)
  5 iguanas
  7 orc wizards
  A killer bee zombie (D:6)
  A howler monkey zombie (D:6)
  4 gnolls
  7 adders
  A howler monkey skeleton (D:5)
  2 white imps
  An ufetubus (D:4)
  2 adder skeletons
  A dart slug (D:2)
  23 orcs
  7 endoplasms
  A giant cockroach (D:2)
  4 goblins
  12 hobgoblins
  4 jackals (D:2)
  2 quokkas
  5 ball pythons
  4 bats
  5 frilled lizards
  8 kobolds
  8 rats
  A spectral orc (D:3)
153 creatures vanquished.

Vanquished Creatures (collateral kills)
  A quokka (D:2)
1 creature vanquished.

Grand Total: 154 creatures vanquished

Notes
Turn   | Place    | Note
-------+----------+-------------------------------------------
     0 | D:1      | Armakuni the Human Conjurer began the quest for the Orb.
     0 | D:1      | Reached XP level 1. HP: 13/13 MP: 3/3
   133 | D:1      | Reached XP level 2. HP: 19/19 MP: 0/5
   795 | D:1      | Found Sumuso's Assorted Antiques.
   985 | D:1      | Learned a level 2 spell: Searing Ray
  1077 | D:1      | Reached XP level 3. HP: 24/24 MP: 3/6
  2080 | D:2      | Reached XP level 4. HP: 30/30 MP: 5/8
  2666 | D:3      | Reached skill level 5 in Conjurations
  2878 | D:3      | Reached XP level 5. HP: 35/35 MP: 4/10
  3053 | D:3      | Found a basalt altar of Yredelemnul.
  3327 | D:3      | Found a shimmering blue altar of Sif Muna.
  3504 | D:4      | Upgraded the game from 0.28-a0-706-gf6f64a616a to
                  | 0.28-a0-723-g095bd1b44f
  3718 | D:4      | Reached XP level 6. HP: 38/41 MP: 2/12
  3808 | D:4      | Found a radiant altar of Vehumet.
  3845 | D:4      | Became a worshipper of Vehumet
  3860 | D:4      | Found Makaprin's Jewellery Boutique.
  4412 | D:4      | Reached skill level 6 in Conjurations
  4440 | D:4      | Learned a level 4 spell: Iskenderun's Mystic Blast
  4451 | D:4      | Reached XP level 7. HP: 31/46 MP: 4/13
  4902 | D:4      | Reached skill level 5 in Spellcasting
  5178 | D:5      | Entered Level 5 of the Dungeon
  5440 | D:5      | Reached skill level 1 in Translocations
  6115 | D:5      | Reached XP level 8. HP: 45/52 MP: 5/15
  6766 | D:6      | Found an opulent altar of Gozag.
  6770 | D:6      | Found an opulent altar of Gozag.
  6770 | D:6      | Found an opulent altar of Gozag.
  6780 | D:6      | Found an opulent altar of Gozag.
  6799 | D:6      | Reached skill level 7 in Conjurations
  7024 | D:6      | Found a sparkling altar of Nemelex Xobeh.
  7057 | D:6      | Noticed a two-headed ogre
  7065 | D:6      | Killed a two-headed ogre
  7066 | D:6      | Reached skill level 8 in Conjurations
  7066 | D:6      | Reached XP level 9. HP: 57/57 MP: 9/19
  7166 | D:6      | Found Mient's General Store.
  7357 | D:6      | Upgraded the game from 0.28-a0-723-g095bd1b44f to
                  | 0.28-a0-751-gef3a642a4e
  7536 | D:6      | Reached * piety under Vehumet
  7536 | D:6      | Offered knowledge of Foxfire by Vehumet.
  7776 | D:6      | Reached skill level 9 in Conjurations
  7857 | D:6      | Identified the ring of Mosuycush {rF- Dex+7 SInv}
  8312 | D:6      | Noticed Eustachio
  8320 | D:6      | Killed Eustachio
  8321 | D:6      | Reached XP level 10. HP: 57/63 MP: 16/22
  8449 | D:7      | Reached skill level 10 in Conjurations
  8533 | D:7      | Reached ** piety under Vehumet
  8533 | D:7      | Offered knowledge of Static Discharge by Vehumet.
  8862 | D:7      | Found a staircase to the Ecumenical Temple.
  8873 | Temple   | Entered the Ecumenical Temple
  8976 | D:7      | HP: 1/56 [wight (5)]
  8976 | D:7      | Slain by a wight

Illustrated notes

Levels and vault maps discovered:
D:1:      lightli_arrival_chessboard, layout_loops_corners, serial_shops,
          nicolae_lakefront_shop
D:2:      layout_loops_corners
D:3:      layout_basic, general_overflow_altar,
          yredelemnul_forgotten_temple_becter
D:4:      layout_basic, vehumet_crystals, serial_shops, shop,
          grunt_ministairs_14, roderic_lattice_a, chequers_serial_rivers_marsh
D:5:      layout_layer_cave
D:6:      kennysheep_windowed_halls, layout_basic,
          nicolae_gozag_conspicuous_consumption, lemuel_crystal_altar,
          serial_shops, nicolae_square_shop, uniq_eustachio
D:7:      layout_loops_cross, minmay_temple_entry_trees, enter_ossuary_2,
          skrybe_limestone_x, uniq_crazy_yiuf_cottage, uniq_joseph
Temple:   eino_temple_lava

Skill      XL: |  1  2  3  4  5  6  7  8  9 10 |
---------------+-------------------------------+-----
Spellcasting   | 3 4 5 6 8 9 |  9.5
Conjurations   | 5 6 8 9 10 | 10.0
Translocations | 3 |  3.0
Dodging        | |  2.0
Stealth        | |  2.0

Action                   |  1- 3 |  4- 6 |  7- 9 | 10-12 || total
-------------------------+-------+-------+-------+-------++-------
Melee: Dagger            |     3 |    23 |     2 |     3 ||    31
Throw: Dart              |       |       |     3 |       ||     3
 Cast: Magic Dart        |    29 |       |       |       ||    29
       Searing Ray       |    14 |    37 |    54 |    19 ||   124
       Iskenderun's Myst |       |       |     2 |     3 ||     5
Evoke: Wand              |       |       |     4 |     4 ||     8
  Use: Scroll            |     4 |     7 |     2 |     2 ||    15
Armor: Robe              |     2 |       |       |       ||     2
       Ring mail         |     5 |       |       |       ||     5
       Leather armour    |       |     8 |    14 |     3 ||    25
Dodge: Dodged            |     4 |    22 |    39 |    17 ||    82

Table legend: (Time is in decaauts)
 A = Elapsed time spent in this place.
 B = Non-inter-level travel time spent in this place.
 C = Inter-level travel time spent in this place.
 D = Time resting spent in this place.
 E = Time spent auto-exploring this place.
 F = Levels seen in this place.
 G = Mean time per level.
                   A        B        C        D        E       F      G
               +--------+--------+--------+--------+--------+-----+--------+
         Total |   8977 |   8790 |    187 |   1963 |   5400 |   8 | 1122.1 |
       Dungeon |   8913 |   8726 |    187 |   1963 |   5346 |   7 | 1273.3 |
        Temple |     63 |     63 |      0 |      0 |     54 |   1 |   63.0 |
               +--------+--------+--------+--------+--------+-----+--------+

Top non-repeatable levels by time:
     D:4: 1730 daAuts
     D:6: 1638 daAuts
     D:5: 1583 daAuts
     D:2: 1244 daAuts
     D:1: 1172 daAuts
     D:3: 1032 daAuts
     D:7: 511 daAuts
  Temple: 63 daAuts
